 Dungeon Crawl Stone Soup version 0.28.0-45-g0d030f2227 (webtiles) character file.

Game seed: 12958419349239776825

46 MisterFreud the Cudgeller (level 3, -5/31 HPs)
             Began as a Palentonga Fighter on Apr 14, 2022.
             Slain by an orc priest
             ... wielding a +0 hand axe
              (6 damage)
             ... on level 2 of the Dungeon.
             The game lasted 00:01:34 (2194 turns).

MisterFreud the Cudgeller (Palentonga Fighter)      Turns: 2194, Time: 00:01:34

Health: -5/31      AC:  6    Str: 19    XL:     3   Next: 46%
Magic:  3/3        EV:  7    Int:  8    God:
Gold:   51         SH:  4    Dex: 11    Spells: 2/2 levels left

rFire   . . .      SeeInvis +   a - +0 flail
rCold   . . .      Faith    .   c - +0 buckler
rNeg    . . .      Spirit   .   b - +0 scale mail
rPois   .          Reflect  .   (no helmet)
rElec   .          Harm     .   (no cloak)
rCorr   .          Rampage  .   (no gloves)
Will    .....                   (no barding)
Stlth   ..........              (no amulet)
HPRegen 0.10/turn               (no ring)
MPRegen 0.08/turn               (no ring)

@: no status effects
A: large, rugged brown scales 3, see invisible, deformed body, roll 1, armoured
tail
a: Rolling Charge


You were on level 2 of the Dungeon.
You visited 1 branch of the dungeon, and saw 3 of its levels.

You collected 51 gold pieces.

Inventory:

Hand Weapons
 a - a +0 flail (weapon)
Missiles
 j - 2 throwing nets
Armour
 b - a +0 scale mail (worn)
 c - a +0 buckler (worn)
Jewellery
 g - an amulet of the acrobat
Scrolls
 f - a scroll of immolation {unknown}
 i - a scroll of teleportation {unknown}
Potions
 d - a potion of might
 e - a potion of haste {unknown}
 h - a potion of lignification {unknown}


   Skills:
 - Level 3.0 Fighting
 + Level 3.9 Maces & Flails
 - Level 2.4 Armour
 - Level 2.4 Shields


You had 2 spell levels left.
You didn't know any spells.
Your spell library contained the following spells:

 Spells                   Type           Power      Damage    Failure   Level
 Freeze                   Ice            0%         1d3       86%         1
 Frozen Ramparts          Ice            0%         1d2       99%         3
 Hailstorm                Conj/Ice       0%         3d3       100%        4


Dungeon Overview and Level Annotations

Branches:
Dungeon (3/15)

Altars:


Innate Abilities, Weirdness & Mutations

You are completely covered in rugged brown scales. (AC +3, +7% HP)
You have supernaturally acute eyesight. (SInv)
Armour fits poorly on your strangely shaped body.
You can roll at nearby foes to attack.
You have a long armoured tail.


Message History

There is a stone staircase leading down here.
You start resting.
HP restored.
You climb downwards.
The orc priest hits you with a +0 hand axe.
You block the orc priest's attack.
There is a stone staircase leading up here.
The orc priest hits you with a +0 hand axe.
You climb upwards.
There is a stone staircase leading down here.
You hit the orc priest.
The orc priest is lightly wounded.
The orc priest barely misses you.
You sock the orc priest!
The orc priest is severely wounded.
The orc priest invokes the aid of Beogh against you.
Pain shoots through your body!
You barely miss the orc priest.
The orc priest is severely wounded.
The orc priest hits you with a +0 hand axe.
You closely miss the orc priest.
The orc priest is severely wounded.
The orc priest hits you with a +0 hand axe. x2
You are too injured to fight recklessly!
You hit the orc priest but do no damage.
The orc priest is severely wounded.
The orc priest barely misses you.
You barely miss the orc priest.
The orc priest is severely wounded.
The orc priest hits you but does no damage.
You hit the orc priest.
The orc priest is almost dead.
The orc priest hits you with a +0 hand axe.
* * * LOW HITPOINT WARNING * * *
You closely miss the orc priest.
The orc priest is almost dead.
The orc priest hits you with a +0 hand axe.
* * * LOW HITPOINT WARNING * * *
The orc priest hits you with a +0 hand axe.
You die...

................# #.#.#
#########.########## #<#.#
### #...........# #.#.# ..#
#.#.#######.####.#.### ..#
####.#.##...##.#.(......# ..#
#..>.#.##...##.#.##.#.#.# ..#
#....#.##...##.........<#
..###....#..'..o.....#.##.###
..'.'.....###...@....#.##.#
..###.....# #...##........#
.......#..# #...##.#.#.#..#
..##.#.#..# ##+###.#.#.#..#
####.#.#..## #.# #.#.#.#..#
#.#.....###.# #.#.#.#..#
#.#.........# #.#.#.####
#.#.........###...#.#####
#.######.........##.....#


You could see an orc priest.

Vanquished Creatures
  A worm (D:2)
  A dart slug (D:1)
  An orc (D:3)
  6 ball pythons
  5 endoplasms
  A giant cockroach (D:1)
  9 goblins
  2 hobgoblins
  2 quokkas
  3 bats (D:1)
  A frilled lizard (D:2)
  3 kobolds
  2 rats (D:1)
37 creatures vanquished.

Notes
Turn   | Place    | Note
-------+----------+-------------------------------------------
     0 | D:1      | MisterFreud the Palentonga Fighter began the quest for the
                  | Orb.
     0 | D:1      | Reached XP level 1. HP: 19/19 MP: 1/1
   195 | D:1      | Found a faded altar of an unknown god.
   318 | D:1      | Reached XP level 2. HP: 25/25 MP: 2/2
  1407 | D:2      | Reached XP level 3. HP: 31/31 MP: 3/3
  1889 | D:3      | HP: 1/31 [orc priest/+0 hand axe (2)]
  2194 | D:2      | HP: 1/31 [orc priest/+0 hand axe (5)]
  2194 | D:2      | Slain by an orc priest

Illustrated notes

Levels and vault maps discovered:
D:1:      sevenhm_arrival_forest_fort_small_5, layout_basic,
          ebering_ecumenical_altar_petrified, minmay_tall_x
D:2:      layout_basic, minmay_misc_feat_alley
D:3:      layout_basic, lemuel_coloured_pillars_altar,
          mainiacjoe_overflow_alcove_2

Skill      XL: |  1  2 |
---------------+-------+-----
Maces & Flails | 3 |  3.9
Fighting       | |  3.0
Armour         | |  2.4
Shields        | |  2.4

Action                   || total
-------------------------++-------
Melee: Flail             ||    92
       Tailslap          ||     9
 Abil: Rolling Charge    ||    25
Armor: Scale mail        ||    42
Dodge: Dodged            ||    21
Block: Buckler           ||    14
